 Dungeon Crawl Stone Soup version 0.30-a0-1016-gfb0d676c02 (webtiles) character file.

Game seed: 5392362347873211942

1358 Newt the Trooper (level 8, -5/66 (67) HPs)
             Began as a Demonspawn Gladiator on Apr 6, 2023.
             Slain by an orc warrior
             ... wielding a +0 scimitar
              (17 damage)
             ... on level 5 of the Dungeon.
             The game lasted 00:06:02 (5752 turns).

Newt the Trooper (Demonspawn Gladiator)             Turns: 5752, Time: 00:06:03

HP:   -5/66 (67)    AC: 10    Str: 16    XL:     8   Next: 37%
MP:   8/8           EV: 13    Int: 10    God:
Gold: 222           SH:  0    Dex: 15    Spells: 7/7 levels left

rFire   . . .      SeeInvis .    i - +4 dagger (venom)
rCold   . . .      Faith    .    (no shield)
rNeg    . . .      Spirit   .    b - +0 leather armour
rPois   .          Reflect  .    x - +1 hat
rElec   .          Rampage  .    t - +0 cloak
rCorr   .                        n - +0 pair of gloves
Will    .....                    m - +0 pair of boots
Stlth   +                        (no amulet)
HPRegen 0.31/turn                (no ring)
MPRegen 0.22/turn                (no ring)

@: lightly drained
A: slimy green scales 1, magic regeneration, demonic magic 1
a: no special abilities


You were on level 5 of the Dungeon.
You visited 1 branch of the dungeon, and saw 5 of its levels.

You collected 222 gold pieces.

Inventory:

Hand Weapons
 a - a +0 rapier
 i - a +4 dagger of venom (weapon)
 p - the +5 short sword of Xom's Benevolence {freeze, rN+}
   (You found it on level 2 of the Dungeon)

   rN:        It protects you from negative energy.
Missiles
 g - 33 stones (quivered)
 u - 3 poisoned darts
Armour
 b - a +0 leather armour (worn)
 c - a +0 helmet
 m - a +0 pair of boots (worn)
 n - a +0 pair of gloves (worn)
 t - a +0 cloak (worn)
 x - a +1 hat (worn)
Wands
 v - a wand of quicksilver (10)
Scrolls
 h - 4 scrolls of immolation
 j - a scroll of magic mapping
Potions
 f - a potion of mutation
 k - a potion of ambrosia
 l - a potion of attraction
 o - 2 potions of lignification
 q - a potion of flight
 r - a potion of curing
 s - a potion of might {unknown}


   Skills:
 - Level 7.0 Fighting
 + Level 5.6 Short Blades
 - Level 1.7 Throwing
 - Level 4.0 Armour
 - Level 4.0 Dodging


You had 7 spell levels left.
You didn't know any spells.
Your spell library contained the following spells:

 Spells                   Type           Power      Damage    Failure   Level
 Sandblast                Erth           0%         2d4       41%         1
 Blink                    Tloc           0%         N/A       56%         2
 Lesser Beckoning         Tloc           0%         N/A       56%         2
 Momentum Strike          Conj/Tloc      0%         3d8       56%         2
 Passwall                 Tmut/Erth      0%         N/A       56%         2
 Scorch                   Fire           0%         2d5       56%         2
 Stone Arrow              Conj/Erth      0%         3d7       80%         3
 Flame Wave               Conj/Fire      0%         2d4       99%         4
 Summon Cactus Giant      Summ           0%         N/A       100%        6


Dungeon Overview and Level Annotations

Branches:
Dungeon (5/15)
 Temple: D:4-7

Altars:


Innate Abilities, Weirdness & Mutations

You are partially covered in slimy green scales. (AC +2)
You regenerate magic rapidly.
Spells you cast may paralyse adjacent enemies.


Message History

The orc warrior closely misses you.
Something hits the orc priest.
The orc wizard casts a spell.
The orc wizard flickers and vanishes!
Unknown command.
The orc warrior unwields a +0 scimitar.
The orc warrior wields a +0 arbalest.
The orc warrior shoots a bolt.
The bolt closely misses you.
Unknown command.
The orc barely misses you.
The orc priest calls down the wrath of Beogh upon you.
Beogh smites you!
Unknown command.
You hit the orc priest.
The orc priest is moderately wounded.
Something hits you but does no damage. The orc hits you with a +0 trident.
The orc priest invokes the aid of Beogh against you.
Pain shoots through your body!
* * * LOW HITPOINT WARNING * * *
The orc wizard casts a spell.
The orc wizard flickers and vanishes!
You closely miss the orc priest.
The orc priest is moderately wounded.
The orc warrior unwields a +0 arbalest.
The orc warrior wields a +0 scimitar.
The orc warrior hits you with a +0 scimitar.
* * * LOW HITPOINT WARNING * * *
The howler monkey hoots and howls with incredible vigour!
The orc barely misses you.
The orc priest hits you but does no damage.
Unknown command.
Unknown command.
You hit the orc priest but do no damage.
The orc priest is moderately wounded.
The orc warrior closely misses you.
The howler monkey hits you but does no damage.
The orc priest hits you with a +0 dagger.
* * * LOW HITPOINT WARNING * * *
The orc hits you but does no damage.
Unknown command.
The orc warrior attacks as you move away!
The orc warrior hits you with a +0 scimitar!
You die...

#...#...........#+............
#...#.....#...................
#...#...###...................
#........##.........#.........
#.....................<.....##
##......................
#......................
#......................
#..)..)....o@..........
#..)..)....oho.).......
#..).........)...#..........
#........####....#.........
#####†....####....#........
#.........##..............
#.........##.............
#.........##............# ..
#.........##............# ...


You could see an orc warrior (very poisoned), a howler monkey (catching breath),
an orc priest and an orc.

Vanquished Creatures
  Sigmund (D:3)
  An ogre (D:4)
  A black bear (D:5)
  A centaur (D:5)
  A scorpion (D:4)
  4 killer bees (D:5)
  A howler monkey (D:4)
  4 orc priests
  A jelly (D:4)
  Crazy Yiuf (D:2)
  A hound (D:4)
  An iguana (D:3)
  2 sleepcaps (D:5)
  6 orc wizards
  Terence (D:2)
  9 adders
  3 gnolls (D:5)
  A worm (D:4)
  A dart slug (D:1)
  11 orcs
  6 ball pythons
  4 bats
  6 endoplasms
  4 giant cockroaches
  3 goblins
  9 hobgoblins
  5 jackals
  3 kobolds (D:2)
  7 quokkas
  2 frilled lizards
  4 rats
105 creatures vanquished.

Vanquished Creatures (collateral kills)
  2 orcs (D:5)
  A quokka (D:5)
3 creatures vanquished.

Vanquished Creatures (others)
  An orc wizard (D:5)
  8 plants (D:4)
9 creatures vanquished.

Grand Total: 117 creatures vanquished

Notes
Turn   | Place    | Note
-------+----------+-------------------------------------------
     0 | D:1      | Newt the Demonspawn Gladiator began the quest for the Orb.
     0 | D:1      | Reached XP level 1. HP: 16/16 MP: 1/1
   167 | D:1      | Gained mutation: You regenerate magic rapidly. [demonic
                  | ancestry]
   167 | D:1      | Reached XP level 2. HP: 23/23 MP: 2/2
   277 | D:1      | Found a faded altar of an unknown god.
   310 | D:1      | Reached skill level 3 in Fighting
  1250 | D:2      | Reached XP level 3. HP: 18/29 MP: 3/3
  1315 | D:2      | Found a runed translucent door.
  1316 | D:2      | Noticed Crazy Yiuf
  1497 | D:2      | Reached skill level 4 in Fighting
  1527 | D:2      | Identified the +5 short sword of Xom's Benevolence {freeze,
                  | rN+}
  1653 | D:2      | Noticed Terence
  1666 | D:2      | Killed Terence
  1667 | D:2      | Reached XP level 4. HP: 14/37 MP: 4/4
  2084 | D:2      | Killed Crazy Yiuf
  2134 | D:3      | Noticed Sigmund
  2251 | D:3      | Killed Sigmund
  2252 | D:3      | Reached skill level 5 in Short Blades
  2252 | D:3      | Reached XP level 5. HP: 42/42 MP: 5/5
  2252 | D:3      | Reached XP level 6. HP: 48/48 MP: 6/6
  3640 | D:4      | Reached skill level 1 in Armour
  3703 | D:4      | Gained mutation: Spells you cast may paralyse adjacent
                  | enemies. [demonic ancestry]
  3703 | D:4      | Reached XP level 7. HP: 39/54 MP: 7/7
  4598 | D:5      | Entered Level 5 of the Dungeon
  4686 | D:5      | Reached skill level 5 in Fighting
  5392 | D:5      | Reached skill level 6 in Fighting
  5392 | D:5      | Gained mutation: You are partially covered in slimy green
                  | scales. (AC +2) [demonic ancestry]
  5392 | D:5      | Reached XP level 8. HP: 34/64 MP: 8/8
  5531 | D:5      | Reached skill level 7 in Fighting
  5752 | D:5      | Slain by an orc warrior

Illustrated notes

Levels and vault maps discovered:
D:1:      co_arrival_square_in_a_square_in_a_square, layout_loops_corners,
          hellmonk_ecumenical_altar_blasted
D:2:      layout_loops_ring, uniq_terence, uniq_crazy_yiuf_cottage
D:3:      layout_basic, uniq_sigmund
D:4:      layout_loops_cross, mainiacjoe_overflow_concentric_impassable,
          nicolae_eternal_life, serial_bayou_pond_a
D:5:      layout_basic, ebering_dispersal_statue_hall

Skill      XL: |  1  2  3  4  5  6  7  8 |
---------------+-------------------------+-----
Fighting       | 3 4 6 7 |  7.0
Short Blades   | 3 5 |  5.6
Dodging        | 3 4 |  4.0
Armour         | 2 4 |  4.0
Throwing       | |  1.7

Action                     |  1- 3 |  4- 6 |  7- 9 || total
---------------------------+-------+-------+-------++-------
  Melee: Rapier            |    49 |       |       ||    49
         Punch             |     2 |     1 |     3 ||     6
         Dagger            |    49 |    96 |   195 ||   340
         Short sword       |    16 |     1 |       ||    17
  Throw: Throwing net      |     2 |     2 |       ||     4
         Javelin           |       |       |     1 ||     1
         Dart              |       |       |     3 ||     3
         Stone             |       |       |     1 ||     1
    Use: Scroll            |     2 |     6 |     4 ||    12
         Potion            |       |       |     4 ||     4
   Stab: Sleeping          |     1 |       |     1 ||     2
         Held in net/web   |     3 |     2 |       ||     5
 Armour: Leather armour    |    25 |    22 |   102 ||   149
  Dodge: Dodged            |    76 |    38 |   180 ||   294

Table legend: (Time is in decaauts)
 A = Elapsed time spent in this place.
 B = Non-inter-level travel time spent in this place.
 C = Inter-level travel time spent in this place.
 D = Time resting spent in this place.
 E = Time spent auto-exploring this place.
 F = Levels seen in this place.
 G = Mean time per level.
                   A        B        C        D        E       F      G
               +--------+--------+--------+--------+--------+-----+--------+
         Total |   5672 |   5536 |    136 |   1580 |   3128 |   5 | 1134.4 |
       Dungeon |   5672 |   5536 |    136 |   1580 |   3128 |   5 | 1134.4 |
               +--------+--------+--------+--------+--------+-----+--------+

Top non-repeatable levels by time:
     D:3: 1294 daAuts
     D:2: 1145 daAuts
     D:5: 1119 daAuts
     D:1: 1083 daAuts
     D:4: 1028 daAuts
